AoeStats
← {WaZzU'P} Recluta4!

Arena

507156889Analyzed
4v4 RM · 16d ago on Sep 16, 2026· 47m 20s· 8 players
Game mode
Random Map
Map size
Large (8 player)
Population
200
Speed
Normal
Resources
Standard
Victory
Conquest
Starting age
Dark Age
Ending age
Imperial Age
RankedLock teamsTeams togetherTeam positionsShared explorationLock speedFull tech treeHidden civsTurbo modeCheats
Victory
Defeat
🇺🇸 Goths · United States
1188
+12
🇨🇭 Chinese · Switzerland
1073
+16
🇻🇪 Vietnamese · Venezuela
1063
+17
🇨🇱 Mongols · Chile
1027
+18
🇨🇴 Inca · Colombia
1108
-17
🇧🇪 Bohemians · Belgium
1085
-16
🇩🇿 Ethiopians · Algeria
1075
-15
🇨🇱 Hindustanis · Chile
1054
-15
ayoubDZtv
11:21 Feudal Age
12:45 Double-Bit Axe
15:35 Castle Age
14:57 Horse Collar
16:33 Loom
18:48 Bow Saw
18:43 Heavy Plow
26:56 Wheelbarrow
25:52 Crossbowman
26:24 Fletching
26:40 Padded Archer Armor
27:47 Ballistics
27:24 Bodkin Arrow
27:56 Thumb Ring
31:30 Imperial Age
30:06 Hand Cart
30:08 Leather Archer Armor
30:04 Masonry
30:54 Town Watch
31:51 Gold Mining
31:32 Arbalester
33:18 Chemistry
32:24 Siege Engineers
32:41 Bracer
33:24 Ring Archer Armor
35:10 Coinage
35:15 Conscription
39:22 Fortified Wall
40:13 Light Cavalry
40:55 Husbandry
41:06 Hussar
41:53 Scale Barding Armor
41:58 Forging
43:18 Chain Barding Armor
44:22 Iron Casting
45:18 Murder Holes
Chuterr
2:24 Loom
14:30 Feudal Age
14:58 Horse Collar
15:04 Double-Bit Axe
15:10 Gold Mining
15:13 Champi Runner
15:44 Arson
19:26 Scale Mail Armor
19:38 Forging
23:33 Wheelbarrow
28:04 Castle Age
25:59 Stone Mining
26:57 Fletching
27:07 Padded Archer Armor
28:27 Pikeman
29:08 Squires
29:27 Leather Archer Armor
29:07 Bodkin Arrow
29:49 Iron Casting
29:29 Chain Mail Armor
29:01 Elite Skirmisher
29:16 Champi Warrior
30:38 Thumb Ring
31:21 Gold Shaft Mining
30:56 Bow Saw
34:09 Ballistics
36:33 Hand Cart
41:08 Town Watch
48:01 Imperial Age
46:27 Heavy Plow
47:06 Stone Shaft Mining
noumha
11:00 Feudal Age
11:58 Loom
15:57 Castle Age
15:27 Horse Collar
15:37 Double-Bit Axe
17:16 Heavy Plow
20:54 Fervor
28:54 Imperial Age
28:59 Chemistry
28:50 Fortified Wall
30:14 Wheelbarrow
29:39 Town Watch
31:08 Town Patrol
34:35 Hand Cart
36:45 Houfnice
38:43 Conscription
38:23 Fletching
38:34 Padded Archer Armor
40:30 Leather Archer Armor
40:17 Scale Mail Armor
40:28 Forging
40:13 Bodkin Arrow
42:28 Man-at-Arms
43:08 Squires
42:53 Arson
43:42 Ring Archer Armor
43:47 Iron Casting
43:28 Chain Mail Armor
45:09 Long Swordsman
45:14 Pikeman
sir_angelo
11:36 Feudal Age
13:16 Double-Bit Axe
15:46 Castle Age
14:24 Gold Mining
15:17 Horse Collar
16:15 Loom
16:43 Bow Saw
18:56 Wheelbarrow
27:33 Hand Cart
27:07 Town Watch
27:26 Heavy Plow
27:21 Stone Mining
28:33 Squires
33:01 Imperial Age
31:05 Scale Mail Armor
30:55 Arson
32:44 Chain Mail Armor
33:38 Forging
33:06 Elite Ghulam
35:16 Iron Casting
37:09 Conscription
36:59 Scale Barding Armor
37:41 Gold Shaft Mining
36:54 Heavy Camel Rider
37:46 Bloodlines
38:06 Husbandry
39:03 Imperial Camel Rider
40:10 Chain Barding Armor
40:02 Imperial Camel Rider
41:53 Plate Barding Armor
42:52 Blast Furnace
42:34 Light Cavalry
43:50 Fletching
45:14 Bodkin Arrow
45:51 Hussar
{WaZzU'P} Recluta4!
5:09 Loom
11:00 Feudal Age
15:05 Castle Age
13:32 Horse Collar
14:45 Double-Bit Axe
20:22 Town Watch
22:16 Wheelbarrow
24:01 Gold Mining
25:22 Hand Cart
25:28 Bow Saw
27:12 Scale Mail Armor
27:14 Squires
26:35 Pikeman
27:27 Stone Mining
30:28 Imperial Age
28:00 Town Patrol
28:15 Squires
29:08 Chain Mail Armor
29:06 Masonry
29:25 Forging
28:37 Pikeman
28:38 Man-at-Arms
29:58 Stone Shaft Mining
29:45 Long Swordsman
31:20 Iron Casting
30:44 Murder Holes
30:34 Two-Handed Swordsman
30:36 Elite Huskarl
31:21 Anarchy
30:53 Elite Huskarl
31:24 Halberdier
32:50 Perfusion
33:12 Conscription
32:53 Champion
36:07 Chemistry
35:33 Capped Ram
36:22 Devotion
38:38 Blast Furnace
{WaZzU'P} GranPolo
0:27 Loom
10:42 Feudal Age
17:07 Castle Age
15:21 Double-Bit Axe
15:45 Horse Collar
16:31 Stone Mining
17:17 Fletching
17:20 Town Watch
21:05 Padded Archer Armor
21:57 Bow Saw
21:46 Bodkin Arrow
22:19 Padded Archer Armor
23:36 Ballistics
24:15 Leather Archer Armor
30:35 Great Wall
35:21 Imperial Age
33:59 Heavy Plow
34:46 Wheelbarrow
38:24 Hand Cart
38:10 Town Patrol
38:28 Gold Mining
39:50 Chemistry
38:26 Heavy Rocket Cart
40:33 Ring Archer Armor
40:38 Light Cavalry
41:42 Bracer
41:58 Bloodlines
43:51 Gold Shaft Mining
46:31 Two-Man Saw
46:39 Elite Chu Ko Nu
{WaZzU'P} Sr Gilmapi
10:46 Feudal Age
11:41 Double-Bit Axe
11:41 Horse Collar
13:16 Loom
15:56 Castle Age
14:48 Gold Mining
14:54 Stone Mining
17:36 Bow Saw
18:08 Heavy Plow
25:57 Fletching
27:26 Bodkin Arrow
34:11 Imperial Age
32:35 Padded Archer Armor
34:00 Wheelbarrow
36:16 Chemistry
35:37 Ballistics
38:57 Elite Skirmisher
40:24 Bracer
41:24 Thumb Ring
42:59 Crop Rotation
42:18 Imperial Skirmisher
44:06 Leather Archer Armor
EL PAJA
10:12 Feudal Age
10:48 Feudal Age
15:14 Castle Age
14:15 Horse Collar
14:21 Double-Bit Axe
19:15 Loom
20:37 Fervor
22:18 Wheelbarrow
23:33 Husbandry
23:43 Bloodlines
24:27 Bloodlines
27:53 Heavy Plow
28:27 Ballistics
31:53 Imperial Age
29:41 Fletching
29:52 Padded Archer Armor
29:58 Padded Archer Armor
30:41 Hand Cart
30:12 Town Watch
32:27 Bodkin Arrow
32:47 Leather Archer Armor
33:35 Conscription
32:36 Elite Mangudai
34:43 Chemistry
34:19 Careening
34:15 Siege Engineers
34:25 Masonry
34:13 Murder Holes
35:40 Bracer
37:20 Elite Skirmisher
38:26 Parthian Tactics
38:12 Thumb Ring
38:06 Imperial Skirmisher
Connection lost

Rejoining the realm…

Still unreachable

The connection could not be restored.

Session expired

The server has moved on; the page needs a fresh start.